 Dungeon Crawl Stone Soup version 0.27-a0-46-g34d46f0a3f (webtiles) character file.

Game seed: 12715664517165807591

84 Borgoz the Skirmisher (level 4, 0/40 HPs)
             Began as a Ghoul Monk on Jan 6, 2021.
             Slain by a water moccasin (1 damage)
             ... in a sewer.
             The game lasted 00:03:04 (2185 turns).

Borgoz the Skirmisher (Ghoul Monk)                  Turns: 2185, Time: 00:03:05

Health: 0/40       AC:  9    Str: 14    XL:     4   Next: 45%
Magic:  3/3        EV: 10    Int:  5    God:
Gold:   149        SH:  0    Dex: 12    Spells: 3/3 levels left

rFire    . . .     SeeInvis +   b - -1 short sword (curse)
rCold    + . .     Faith    .   (no shield)
rNeg     + + +     Spirit   .   o - +0 scale mail (curse)
rPois    ∞         Reflect  .   (no helmet)
rElec    .         Harm     .   (no cloak)
rCorr    .         Rampage  .   l - +2 pair of gloves
Will     .....                  (no boots)
Stlth    +.........             m - amulet of the acrobat
HPRegen  0.00/turn              k - ring of see invisible
MPRegen  0.08/turn              (no ring)

@: very slightly contaminated, invisible
A: claws 1, cold resistance 1, negative energy resistance 3, inhibited
regeneration, torment resistance, unbreathing
a: no special abilities


You were in a sewer.
You visited 1 branch of the dungeon, and saw 3 of its levels.
You also visited: Sewer.

You collected 149 gold pieces.

Inventory:

Hand Weapons
 a - a +0 falchion
 b - a cursed -1 short sword (weapon)
Armour
 l - a +2 pair of gloves (worn)
 o - a cursed +0 scale mail (worn)
Jewellery
 k - a ring of see invisible (left hand)
 m - an amulet of the acrobat (around neck)
Potions
 e - 2 potions of flight


   Skills:
 + Level 3.7 Fighting
 * Level 3.5 Long Blades
 + Level 1.2 Armour
 * Level 3.4 Dodging
 - Level 2.1 Stealth


You had 3 spell levels left.
You didn't know any spells.
Your spell library was empty.

Dungeon Overview and Level Annotations

Branches:
Dungeon (3/15)              Sewer (1/1)

Altars:


Innate Abilities, Weirdness & Mutations

You thrive by killing the living.
You are immune to poison.
You have sharp fingernails.
Your flesh is cold resistant. (rC+)
You are immune to negative energy. (rN+++)
You do not regenerate when monsters are visible.
You are immune to unholy pain and torment.
You can survive without breathing.


Message History

The water moccasin is severely wounded.
The water moccasin bites you!
* * * LOW HITPOINT WARNING * * *
The water moccasin bites you but does no damage.
You miss the water moccasin.
The water moccasin is heavily wounded.
The water moccasin barely misses you.
You strike the helpless water moccasin from behind!
You hit the water moccasin.
The water moccasin is severely wounded.
The water moccasin closely misses you.
The water moccasin bites you but does no damage.
You closely miss the water moccasin.
The water moccasin is severely wounded.
The water moccasin bites you.
* * * LOW HITPOINT WARNING * * *
You hit the water moccasin but do no damage.
The water moccasin is severely wounded.
The water moccasin bites you.
You die...

##...## ##.## #.#
#.# #.# #.# . #.#
...
######.####.....
.........@S......
############.....
... .


You could see a water moccasin.

Vanquished Creatures
  A bullfrog skeleton (D:2)
  An adder (D:3)
  2 dart slugs (D:1)
  2 leopard geckos (D:2)
  A giant cockroach (D:1)
  2 goblins (D:1)
  5 hobgoblins
  A quokka (D:2)
  10 bats
  5 frilled lizards
  7 kobolds
  4 rats
41 creatures vanquished.

Notes
Turn   | Place    | Note
-------+----------+-------------------------------------------
     0 | D:1      | Borgoz the Ghoul Monk began the quest for the Orb.
     0 | D:1      | Reached XP level 1. HP: 19/19 MP: 0/0
   154 | D:1      | You fall into a shaft and drop 1 floor!
   342 | D:2      | Reached XP level 2. HP: 26/26 MP: 1/1
   894 | D:1      | Reached XP level 3. HP: 24/31 MP: 2/2
  1562 | D:2      | Reached skill level 1 in Armour
  1562 | D:2      | Reached XP level 4. HP: 38/40 MP: 3/3
  1797 | D:3      | Found a faded altar of an unknown god.
  1995 | D:3      | Found a glowing drain.
  2065 | Sewer    | Entered a sewer
  2148 | Sewer    | Noticed a water moccasin
  2184 | Sewer    | HP: 1/40 [water moccasin (6)]
  2185 | Sewer    | Slain by a water moccasin

Illustrated notes

Levels and vault maps discovered:
D:1:      onia_arrival_mini_spirals, layout_loops_corners
D:2:      layout_loops_ring, kennysheep_generic_room_10
D:3:      layout_basic, portal_sewer_entry_d, chequers_ecumenical_altar_island
Sewer:    sewer_big_baddie

Skill      XL: |  1  2  3 |
---------------+----------+-----
Long Blades    | 3 |  3.5
Dodging        | 3 |  3.4
Armour         | 1 |  1.2
Fighting       | |  3.7
Stealth        | |  2.1

Action                   |  1- 3 |  4- 6 || total
-------------------------+-------+-------++-------
Melee: Falchion          |    88 |     2 ||    90
       Short sword       |       |    83 ||    83
  Use: Scroll            |       |     5 ||     5
       Potion            |       |     4 ||     4
 Stab: Sleeping          |     5 |       ||     5
       Invisible         |       |     1 ||     1
Armor: Robe              |    18 |       ||    18
       Scale mail        |     2 |    77 ||    79
Dodge: Dodged            |    56 |    89 ||   145
       Rpst.: Falchion   |    21 |     5 ||    26

Table legend: (Time is in decaauts)
 A = Elapsed time spent in this place.
 B = Non-inter-level travel time spent in this place.
 C = Inter-level travel time spent in this place.
 D = Time resting spent in this place.
 E = Time spent auto-exploring this place.
 F = Levels seen in this place.
 G = Mean time per level.
                   A        B        C        D        E       F      G
               +--------+--------+--------+--------+--------+-----+--------+
         Total |   2203 |   2073 |    130 |     42 |   1620 |   4 |  550.8 |
       Dungeon |   2083 |   1953 |    130 |     42 |   1574 |   3 |  694.3 |
         Sewer |    119 |    119 |      0 |      0 |     46 |   1 |  119.0 |
               +--------+--------+--------+--------+--------+-----+--------+

Top non-repeatable levels by time:
     D:1: 1016 daAuts
     D:2: 707 daAuts
     D:3: 360 daAuts
   Sewer: 119 daAuts
